Selects Advanced Infantry Battlegroup
Construct Weapon Support Center
Selects Convert to Ranger Squad
Construct Medical Station
Selects Designate Assault Position
Designate Assault Position
Selects Ranger Weapon Training
Improved M9 Bazooka Rockets
Selects Ammunition Storage
M4(105) Sherman Bulldozer
Selects M2A1 105mm Howitzer Emplacement
M18 Hellcat Tank Destroyer
M18 Hellcat Tank Destroyer
M4(105) Sherman Bulldozer